 Dungeon Crawl Stone Soup version 0.30.0-3-ga4e48a9924 (webtiles) character file.

Game seed: 10062253322411270703

1115 karkarkar the Covered (level 8, -10/70 HPs)
             Began as a Minotaur Fighter on May 7, 2023.
             Was a Believer of Okawaru.
             Mangled by a yak (13 damage)
             ... on level 5 of the Dungeon.
             The game lasted 00:11:16 (4486 turns).

karkarkar the Covered (Minotaur Fighter)            Turns: 4486, Time: 00:11:17

Health: -10/70     AC: 14    Str: 22    XL:     8   Next: 12%
Magic:  7/7        EV:  6    Int:  7    God:    Okawaru [**....]
Gold:   200        SH:  8    Dex: 11    Spells: 7/7 levels left

rFire   + . .        m - +0 trident of Ignis, Threshing {heavy, rElec rPois Str-4 SInv}
rCold   . . .        r - +3 buckler of the Distant Future {Will++ Str+4 Dex-2}
rNeg    . . .        c - +0 plate armour
rPois   +            (helmet restricted)
rElec   +            (no cloak)
rCorr   .            b - +0 pair of gloves "Teshruz" {Str+3}
SInv    +            (no boots)
Will    ++...        (no amulet) Stlth
                     n - ring "Jeza" {rPois rF+ Str-4 Int+2 Dex+3}
HPRegen 0.31/turn    (no ring)
MPRegen 0.10/turn

%: no passive effects
@: no status effects
A: horns 2, retaliatory headbutt
a: Renounce Religion, Heroism


You were on level 5 of the Dungeon.
You worshipped Okawaru.
Okawaru was pleased with you.
You visited 2 branches of the dungeon, and saw 6 of its levels.

You collected 200 gold pieces.

Inventory:

Hand Weapons
 a - a +0 war axe
 m - the +0 trident of Ignis, Threshing (weapon) {heavy, rElec rPois Str-4 SInv}
   (You found it on level 3 of the Dungeon)

   Str:       It affects your strength (-4).
   rElec:     It insulates you from electricity.
   rPois:     It protects you from poison.
   SInv:      It lets you see invisible.
Armour
 b - the +0 pair of gloves "Teshruz" (worn) {Str+3}
   (You acquired it on level 5 of the Dungeon)

   Str:       It affects your strength (+3).
 c - a +0 plate armour (worn)
 o - an orb of mayhem
 r - the +3 buckler of the Distant Future (worn) {Will++ Str+4 Dex-2}
   (You found it on level 4 of the Dungeon)

   Str:       It affects your strength (+4).
   Dex:       It affects your dexterity (-2).
   Will:      It greatly increases your willpower.
Jewellery
 n - the ring "Jeza" (left hand) {rPois rF+ Str-4 Int+2 Dex+3}
   (You found it on level 3 of the Dungeon)

   [ring of protection from fire]

   Str:       It affects your strength (-4).
   Int:       It affects your intelligence (+2).
   Dex:       It affects your dexterity (+3).
   rF:        It protects you from fire.
   rPois:     It protects you from poison.
Scrolls
 e - a scroll of vulnerability
 f - 2 scrolls of teleportation
 g - a scroll of silence
 l - 2 scrolls of immolation
Potions
 d - a potion of might
 i - a potion of haste {unknown}
 j - 2 potions of attraction {unknown}
 k - a potion of berserk rage {unknown}
 p - 2 potions of flight
 q - a potion of heal wounds {unknown}
 s - a potion of brilliance {unknown}


   Skills:
 + Level 6.0 Fighting
 * Level 6.1(6.2) Axes
 - Level 1.1(4.0) Polearms
 + Level 7.5 Armour
 - Level 1.0 Dodging
 + Level 2.0 Stealth
 + Level 5.5 Shields
 + Level 0.3 Invocations


You had 7 spell levels left.
You didn't know any spells.
Your spell library contained the following spells:

 Spells                   Type           Power      Damage    Failure   Level
 Portal Projectile        Hex/Tloc       0%         N/A       100%        3
 Leda's Liquefaction      Hex/Erth       0%         N/A       100%        4
 Call Canine Familiar     Summ           Unusable   N/A       N/A         3

Dungeon Overview and Level Annotations

Branches:
Dungeon (5/15)             Temple (1/1) D:4

Altars:
Cheibriados
Elyvilon
Fedhas
Hepliaklqana
Makhleb
Nemelex Xobeh
Okawaru
Qazlal
Sif Muna
Uskayaw
Wu Jian
Xom
Yredelemnul
Zin
The Shining One


Innate Abilities, Weirdness & Mutations

You have a pair of horns on your head.
You reflexively headbutt those who attack you in melee.


Message History

The yak gores you but does no damage. The yak gores you.
You block the yak's attack. The yak gores you!
You are too injured to fight recklessly!
You are too injured to fight recklessly!
You block the yak's attack. The yak attacks as you move away!
The yak gores you!
* * * LOW HITPOINT WARNING * * *
You are too injured to fight recklessly!
You are too injured to fight recklessly!
You hit the yak but do no damage.
The yak is moderately wounded.
The yak gores you but does no damage. x2
You barely miss the yak.
The yak is almost dead.
The yak gores you.
* * * LOW HITPOINT WARNING * * *
You block the yak's attack. The yak gores you.
* * * LOW HITPOINT WARNING * * *
The yak gores you.
* * * LOW HITPOINT WARNING * * *
You puncture the yak!
You kill the yak!
Okawaru is honoured by your kill. The yak barely misses you.
Your Fighting skill increases to level 6!
Your Axes skill increases to level 6!
Your Stealth skill increases to level 2!
You have reached level 8!
You feel stronger.
Okay, then.
Okay, then.
You puncture the yak!
The yak is heavily wounded.
The yak gores you but does no damage. x2
You puncture the yak! You headbutt the yak!
The yak is almost dead.
The yak gores you.
* * * LOW HITPOINT WARNING * * *
The yak gores you!
You die...

#.# #.# #.# #.# ### #.# #
..# ####.####.# ..#
#...Y#††..# ..#
#...@†.#....?.. ..#
#....#.#..###########
..###########....#.#....
......
#.............######.####
#.....
#............÷.....#Y#
#.....
#...####...##÷####.#.#
##.###
#....###...##...§..Y..
##.###
#.................YY.
......
#.####.#...########..
##.###


You could see a yak.

Vanquished Creatures
  5 yaks (D:5)
  2 scorpions (D:5)
  2 hounds (D:5)
  2 jellies
  An iguana (D:5)
  7 adders
  A white imp (D:5)
  An ufetubus (D:4)
  A worm (D:5)
  2 dart slugs (D:1)
  6 orcs
  4 endoplasms
  4 giant cockroaches
  2 goblins (D:3)
  5 hobgoblins
  2 jackals (D:3)
  2 quokkas
  6 ball pythons
  5 bats
  3 frilled lizards
  4 kobolds
  4 rats
71 creatures vanquished.

Notes
Turn   | Place    | Note
-------+----------+-------------------------------------------
     0 | D:1      | karkarkar the Minotaur Fighter began the quest for the Orb.
     0 | D:1      | Reached XP level 1. HP: 19/19 MP: 0/0
   177 | D:1      | Reached XP level 2. HP: 27/27 MP: 1/1
   482 | D:1      | Reached skill level 4 in Armour
   978 | D:2      | Reached XP level 3. HP: 33/33 MP: 2/2
  1894 | D:3      | Identified the +0 trident of Ignis, Threshing {heavy, rElec
                  | rPois Str-4 SInv}
  1933 | D:3      | Identified the ring "Jeza" {rPois rF+ Str-4 Int+2 Dex+3}
  1937 | D:3      | Found a basalt altar of Yredelemnul.
  1937 | D:3      | Found a white marble altar of Elyvilon.
  1938 | D:3      | Found a burning altar of Makhleb.
  1939 | D:3      | Found a shimmering blue altar of Sif Muna.
  1940 | D:3      | Found a hazy altar of Hepliaklqana.
  2004 | D:3      | Reached XP level 4. HP: 40/40 MP: 3/3
  2514 | D:3      | Reached skill level 1 in Dodging
  3068 | D:4      | Found a sparkling altar of Nemelex Xobeh.
  3098 | D:4      | Found a staircase to the Ecumenical Temple.
  3109 | Temple   | Entered the Ecumenical Temple
  3222 | Temple   | Became a worshipper of Warmaster Okawaru
  3375 | D:4      | Identified the +3 buckler of the Distant Future {Will++
                  | Str+4 Dex-2}
  3690 | D:4      | Reached skill level 1 in Polearms
  3690 | D:4      | Reached skill level 5 in Armour
  3690 | D:4      | Reached XP level 5. HP: 47/47 MP: 4/4
  4013 | D:5      | Entered Level 5 of the Dungeon
  4127 | D:5      | Reached XP level 6. HP: 55/55 MP: 5/5
  4165 | D:5      | Reached skill level 1 in Stealth
  4250 | D:5      | Noticed a yak
  4257 | D:5      | Killed a yak
  4257 | D:5      | Reached * piety under Okawaru
  4258 | D:5      | Reached skill level 5 in Fighting
  4258 | D:5      | Reached skill level 6 in Armour
  4265 | D:5      | Noticed a yak
  4266 | D:5      | Noticed a yak
  4266 | D:5      | Noticed a yak
  4266 | D:5      | Noticed a yak
  4274 | D:5      | Killed a yak
  4274 | D:5      | Noticed a yak
  4275 | D:5      | Reached skill level 5 in Axes
  4275 | D:5      | Reached XP level 7. HP: 41/61 MP: 6/6
  4357 | D:5      | Identified a scroll of acquirement
  4358 | D:5      | Acquired the +0 pair of gloves "Teshruz" {Str+3}
  4406 | D:5      | Reached skill level 5 in Shields
  4472 | D:5      | Killed a yak
  4474 | D:5      | Killed a yak
  4475 | D:5      | Reached skill level 7 in Armour
  4484 | D:5      | Killed a yak
  4484 | D:5      | Reached ** piety under Okawaru
  4485 | D:5      | Reached XP level 8. HP: 7/70 MP: 7/7
  4486 | D:5      | HP: 3/70 [yak (5)]
  4486 | D:5      | Mangled by a yak

Illustrated notes

Levels and vault maps discovered:
D:1:      dpeg_arrival_rooms_b, layout_basic
D:2:      layout_basic
D:3:      layout_basic, minitemple, serial_aquarium, aquarium_bridge_straight
          [aquarium_subvault_bridge, aquarium_subvault_wall,
          aquarium_subvault_bridge, aquarium_subvault_wall],
          aquarium_bridge_square [aquarium_subvault_wall,
          aquarium_subvault_bridge, aquarium_subvault_wall,
          aquarium_subvault_window], aquarium_window_fake, aquarium_window_1,
          aquarium_window_2, aquarium_window_corridor_1, aquarium_view_2a,
          aquarium_pool_2, minivault_24
D:4:      layout_basic, nemelex_altar_shiori, minmay_temple_entry_mini_moons
D:5:      layout_basic
Temple:   kb_temple_of_zot

Skill      XL: |  1  2  3  4  5  6  7 |
---------------+----------------------+-----
Shields        | 4 5 |  5.5
Armour         | 4 5 6 7 |  7.5
Fighting       | 4 5 6 |  6.0
Axes           | 3 5 6 |  6.1
Dodging        | 1 |  1.0
Polearms       | 1 |  1.1
Stealth        | 1 2 |  2.0
Invocations    | |  0.3

Action                     |  1- 3 |  4- 6 |  7- 9 || total
---------------------------+-------+-------+-------++-------
  Melee: War axe           |    55 |       |       ||    55
         Headbutt          |     8 |    10 |     6 ||    24
         Trident           |     4 |    73 |    27 ||   104
 Invoke: Heroism           |       |       |     1 ||     1
    Use: Scroll            |     3 |     5 |     2 ||    10
         Potion            |       |     1 |       ||     1
 Armour: Scale mail        |    35 |    18 |       ||    53
         Plate armour      |       |    17 |    14 ||    31
  Dodge: Dodged            |    27 |    34 |     7 ||    68
  Block: Buckler           |     5 |    23 |    13 ||    41
